 Dungeon Crawl Stone Soup version 0.29-a0-919-gd064cfad1c (webtiles) character file.

Game seed: 5223447416988279000

10 Hubjo the Insei (level 2, 0/21 HPs)
             Began as a Demonspawn Transmuter on July 26, 2022.
             Frozen to death by an endoplasm (3 damage)
             ... on level 1 of the Dungeon.
             The game lasted 00:00:26 (253 turns).

Hubjo the Insei (Demonspawn Transmuter)              Turns: 253, Time: 00:00:27

Health: 0/21       AC:  2    Str: 10    XL:     2   Next: 10%
Magic:  3/5        EV: 12    Int: 14    God:
Gold:   0          SH:  0    Dex: 13    Spells: 4/5 levels left

rFire   . . .      SeeInvis .     - Unarmed
rCold   . . .      Faith    .   (no shield)
rNeg    . . .      Spirit   .   a - +0 robe
rPois   .          Reflect  .   (helmet currently unavailable)
rElec   .          Harm     .   (no cloak)
rCorr   .          Rampage  .   (no gloves)
Will    .....                   (boots currently unavailable)
Stlth   +.........              (no amulet)
HPRegen 0.07/turn               (no ring)
MPRegen 0.09/turn               (no ring)

@: appendages
A: horns 2, talons 2, powered by pain 1
a: End Transformation


You were on level 1 of the Dungeon.
You had temporarily grown beastly horns and talons.
You visited 1 branch of the dungeon, and saw 1 of its levels.

Inventory:

Armour
 a - a +0 robe (worn)
Scrolls
 c - 2 scrolls of identify
Potions
 b - a potion of lignification
 d - a potion of ambrosia


   Skills:
 * Level 1.5 Fighting
 - Level 1.7 Dodging
 + Level 2.8 Unarmed Combat
 + Level 2.1 Spellcasting
 + Level 1.9 Transmutations


You had 4 spell levels left.
You knew the following spells:

 Your Spells              Type           Power      Damage    Failure   Level
a - Beastly Appendage     Tmut           14%        N/A       11%         1

Your spell library contained the following spells:

 Spells                   Type           Power      Damage    Failure   Level
 Wereblood                Tmut           7%         N/A       16%         2
 Spider Form              Tmut/Pois      4%         N/A       43%         3
 Ice Form                 Ice/Tmut       4%         N/A       83%         4


Dungeon Overview and Level Annotations

Branches:
Dungeon (1/15)

Altars:


Innate Abilities, Weirdness & Mutations

You have temporarily grown beastly horns and talons.
You sometimes gain a little power by taking damage.


Message History

You are too injured to fight recklessly!
You are too injured to fight recklessly!
As you read the scroll labelled IROXEU AS RUHU, it crumbles to dust.
It is a scroll of identify.
d - a potion of ambrosia The giant cockroach bites you but does no damage.
The kobold barely misses you. The endoplasm closely misses you.
The giant cockroach waves its antennae.
It was a potion of curing.
You feel better.
The giant cockroach bites you but does no damage.
The kobold completely misses you. The endoplasm hits you.
The giant cockroach closely misses you.
You hit the giant cockroach but do no damage.
The endoplasm hits you but does no damage.
The kobold misses you. The giant cockroach barely misses you.
You hit the giant cockroach.
You kill the giant cockroach!
The kobold hits you but does no damage. The endoplasm freezes you.
You are frozen.
You barely miss the giant cockroach. Your kick misses the giant cockroach.
The kobold barely misses you. The endoplasm barely misses you.
The giant cockroach closely misses you.
You barely miss the giant cockroach. You claw the giant cockroach.
The giant cockroach is heavily wounded.
Your horns disappear.
Your talons disappear.
The giant cockroach closely misses you.
The kobold hits you with a +0 short sword.
The endoplasm freezes you.
You are frozen.
* * * LOW HITPOINT WARNING * * *
Casting: Beastly Appendage (safe; 11% risk of failure)
Confirm with . or Enter, or press ? or * to list all spells.
You grow a pair of large bovine horns.
Your feet morph into talons.
The giant cockroach misses you.
The kobold hits you with a +0 short sword.
* * * LOW HITPOINT WARNING * * *
The endoplasm freezes you.
You are frozen.
You die...

..............###
..............#
########......##
#.............##
#^.......#......
#........#...... .#.
#........#......
.....####........#...#+#
#..B@.........#...#.#
....##KJ.........#......
. #.............#......
....###############....
#.#. #...# .. . ....# .
. ...## .. ..#


You could see an endoplasm, a giant cockroach and a kobold.

Vanquished Creatures
  A bat (D:1)
  A giant cockroach (D:1)
  A goblin (D:1)
  A hobgoblin (D:1)
  2 kobolds (D:1)
  A quokka (D:1)
  A rat (D:1)
8 creatures vanquished.

Notes
Turn   | Place    | Note
-------+----------+-------------------------------------------
     0 | D:1      | Hubjo the Demonspawn Transmuter began the quest for the
                  | Orb.
     0 | D:1      | Reached XP level 1. HP: 15/15 MP: 3/3
   246 | D:1      | Gained mutation: You sometimes gain a little power by
                  | taking damage. [demonic ancestry]
   246 | D:1      | Reached XP level 2. HP: 12/21 MP: 3/5
   253 | D:1      | Frozen to death by an endoplasm

Illustrated notes

Levels and vault maps discovered:
D:1:      psy_arrival_terrarium, layout_basic, basic_ecumenical_altar,
          st_stairs_11

Action                   || total
-------------------------++-------
Melee: Unarmed           ||    33
       Kick              ||     3
       Headbutt          ||     1
 Cast: Beastly Appendage ||     4
  Use: Scroll            ||     1
       Potion            ||     1
 Stab: Sleeping          ||     1
Armor: Robe              ||     7
Dodge: Dodged            ||    27

Table legend: (Time is in decaauts)
 A = Elapsed time spent in this place.
 B = Non-inter-level travel time spent in this place.
 C = Inter-level travel time spent in this place.
 D = Time resting spent in this place.
 E = Time spent auto-exploring this place.
 F = Levels seen in this place.
 G = Mean time per level.
                   A        B        C        D        E       F      G
               +--------+--------+--------+--------+--------+-----+--------+
         Total |    251 |    251 |      0 |      0 |    195 |   1 |  251.0 |
       Dungeon |    251 |    251 |      0 |      0 |    195 |   1 |  251.0 |
               +--------+--------+--------+--------+--------+-----+--------+

Top non-repeatable levels by time:
     D:1: 251 daAuts
